Map: King's Cove LE

Players

HateMe

  • Race: Zerg Zerg
  • Spawn Location: 11:00

DnS - Winner!

  • Race: Protoss Protoss
  • Spawn Location: 5:00

Event: 2019 WCS Summer

VOD

Have the link to the VOD?

Description

Time

  • Played on: July 12, 2019, 9:11 a.m.
  • Length: 9:05

All games in this series

Show
View Real Time Build Order
Export as new Build Order

HateMe Zerg 

Build Orders: Hatch First 

Get SALT Encoding   

  12  0:00  Drone  
  13  0:12  Overlord  
  13  0:17  Drone  
  14  0:30  Drone x2  
  16  0:49  Hatchery  
  15  0:52  Drone  
  15  0:56  Drone  
  17  1:00  Drone  
  18  1:10  Extractor  
  17  1:15  Spawning Pool  
  17  1:18  Drone  
  17  1:23  Drone  
  18  1:29  Drone  
  19  1:38  Drone  
  20  1:49  Overlord  
  20  2:02  Queen x2  
  20  2:03  Zergling x4  
  26  2:14  Metabolic Boost, Drone x2  
  28  2:23  Drone  
  28  2:25  Drone  
  30  2:41  Hatchery  
  29  2:44  Drone x2  
  29  2:49  Drone  
  32  2:53  Overlord  
  32  2:58  Queen  
  34  3:03  Drone x2  
  36  3:15  Drone x2  
  36  3:16  Overlord  
  36  3:17  Drone x2  
  40  3:21  Drone x2  
  40  3:24  Drone x2  
  44  3:28  Spore Crawler  
  44  3:32  Drone  
  44  3:35  Queen  
  44  3:40  Zergling x4  
  48  3:46  Lair  
  48  3:50  Roach Warren  
  48  3:52  Zergling x2  
  48  3:54  Zergling x2  
  49  3:57  Drone  
  49  3:58  Spore Crawler  
  49  4:08  Drone, Queen  
  52  4:14  Overlord  
  52  4:15  Drone x2  
  53  4:17  Drone  
  53  4:20  Overlord  
  53  4:23  Drone  
  53  4:24  Drone  
  56  4:25  Spore Crawler  
  56  4:26  Drone  
  54  4:34  Spore Crawler  
  47  4:39  Drone x5  
  51  4:49  Drone x2  
  52  4:57  Drone  
  53  5:03  Drone x3  
  55  5:10  Queen  
  55  5:11  Queen  
  59  5:16  Queen  
  61  5:24  Spire  
  61  5:27  Drone x3  
  63  5:29  Drone x2  
  63  5:31  Drone  
  65  5:38  Drone x5  
  66  5:45  Extractor  
  66  5:46  Extractor  
  66  5:47  Drone x2, Extractor  
  66  5:48  Extractor x2  
  63  5:56  Zergling x12  
  68  6:01  Zergling x6  
  68  6:04  Overlord  
  71  6:19  Zergling x4  
  70  6:25  Zergling x8  
  70  6:26  Zergling x16  
  80  6:36  Mutalisk  
  80  6:38  Overlord x2  
  82  6:44  Overlord  
  82  6:45  Overlord  
  82  6:48  Overlord  
  82  6:54  Overlord  
  82  6:58  Mutalisk  
  84  7:03  Mutalisk x2  
  88  7:11  Mutalisk x2  
  92  7:17  Mutalisk  
  92  7:20  Mutalisk  
  96  7:23  Mutalisk  
  96  7:32  Mutalisk  
  96  7:33  Mutalisk  
  96  7:36  Mutalisk  
  102  7:40  Mutalisk  
  104  7:47  Mutalisk x2  
  108  7:54  Mutalisk x2  
  108  7:58  Overlord  
  112  8:08  Mutalisk x2  
  116  8:13  Mutalisk  
  116  8:19  Mutalisk  
  118  8:22  Zergling x8  
  116  8:38  Mutalisk x3  
Show
View Real Time Build Order
Export as new Build Order

DnS Protoss - Winner!

Build Orders: 1 Gate Expand, Oracle Opening 

Get SALT Encoding   

  12  0:00  Probe  
  13  0:12  Probe  
  14  0:19  Pylon  
  14  0:24  Probe  
  15  0:33  Probe  
  15  0:39  Gateway  
  15  0:41  Probe  
  16  0:47  Assimilator  
  17  0:51  Probe  
  18  1:03  Probe  
  19  1:15  Probe  
  20  1:25  Nexus  
  20  1:36  Cybernetics Core  
  20  1:39  Probe  
  21  1:46  Assimilator  
  21  1:51  Probe  
  22  1:55  Pylon  
  22  2:03  Probe  
  22  2:04  Adept  
  25  2:15  Probe  
  25  2:19  Stargate  
  26  2:26  Stalker  
  26  2:27  Warp Gate  
  26  2:28  Probe  
  27  2:33  Probe  
  29  2:40  Probe  
  29  2:41  Probe  
  32  2:51  Probe  
  32  2:52  Probe  
  32  2:55  Oracle  
  34  3:04  Probe x2  
  39  3:16  Probe x2  
  39  3:17  Adept  
  43  3:20  Pylon  
  43  3:28  Probe x2  
  43  3:29  Oracle  
  43  3:31  Gateway  
  48  3:41  Probe x2  
  48  3:47  Assimilator, Pylon  
  50  3:50  Assimilator  
  50  3:53  Probe x2  
  52  3:58  Pylon  
  52  4:05  Probe, Robotics Facility  
  52  4:06  Probe  
  54  4:15  Gateway  
  54  4:16  Pylon  
  54  4:19  Probe x2  
  54  4:22  Adept  
  58  4:38  Probe  
  59  4:43  Immortal  
  59  4:45  Sentry x2  
  63  4:59  Oracle  
  70  5:05  Nexus  
  66  5:08  Probe x2, Pylon  
  66  5:10  Sentry x2  
  66  5:11  Warp Prism  
  72  5:17  Sentry  
  72  5:20  Probe x2, Pylon  
  78  5:32  Probe x2  
  78  5:34  Pylon  
  80  5:41  Observer  
  80  5:43  Stalker x2, Sentry  
  80  5:44  Probe  
  80  5:45  Probe  
  80  5:49  Pylon  
  89  5:54  Twilight Council  
  89  5:55  Forge  
  89  5:56  Probe  
  90  5:58  Probe  
  91  6:08  Probe  
  91  6:09  Stalker x2  
  91  6:10  Stalker, Probe  
  99  6:18  Probe  
  100  6:20  Charge, Probe  
  100  6:22  Probe  
  100  6:25  Protoss Ground Weapons Level 1  
  102  6:30  Probe  
  102  6:31  Observer  
  102  6:32  Probe  
  104  6:33  Zealot x2  
  104  6:34  Probe  
  104  6:35  Zealot  
  111  6:42  Probe  
  111  6:44  Assimilator x2, Probe  
  113  6:55  Probe  
  113  6:56  Gateway x2  
  113  6:59  Gateway  
  113  7:00  Gateway  
  114  7:02  Pylon  
  114  7:03  Gateway  
  114  7:14  Immortal, Templar Archives  
  118  7:17  Zealot x2  
  118  7:22  Pylon  
  122  7:28  Phoenix  
  124  7:39  Photon Cannon  
  124  7:41  Photon Cannon  
  124  7:43  Photon Cannon  
  124  7:47  Photon Cannon  
  124  7:48  Phoenix  
  124  7:50  Zealot x3  
  132  8:04  Zealot, Pylon x2  
  134  8:06  Phoenix  
  136  8:23  Stalker x4  
  136  8:24  Stalker x3  
  149  8:31  Photon Cannon  
  149  8:39  Phoenix  
  135  8:43  Zealot  
  125  8:50  Zealot x7  
Tags
 
Add a new tag
Caveats
  • Supply blocks, unpowered buildings, or Contaminate may cause inaccurate times.
  • Supply counts are checked every 10 seconds.